 Dungeon Crawl Stone Soup version 0.28.0 (webtiles) character file.

Game seed: 17902009234341134552

17228 tilp the Severer (level 12, -1/106 HPs)
             Began as a Minotaur Berserker on Feb 9, 2022.
             Was a High Priest of Trog.
             Slain by a large slime creature (29 damage)
             ... on level 11 of the Dungeon.
             The game lasted 00:15:53 (13516 turns).

tilp the Severer (Minotaur Berserker)              Turns: 13516, Time: 00:15:54

Health: -1/106     AC: 19    Str: 25    XL:     12   Next: 17%
Magic:  11/11      EV: 13    Int:  4    God:    Trog [*****.]
Gold:   627        SH:  0    Dex: 12    Spells: 11/11 levels left

rFire   . . .      SeeInvis .   a - +3 broad axe (drain)
rCold   . . .      Faith    +   (no shield)
rNeg    + . .      Spirit   .   S - +6 scale mail of Insatiable Hunger {Contam Rampage Regen+}
rPois   .          Reflect  .   H - +0 hat
rElec   .          Harm     .   p - scarf {+Inv}
rCorr   .          Rampage  +   c - +0 pair of gloves
Will    .....                   (no boots)
Stlth   +.........              N - amulet of faith
HPRegen 1.07/turn               C - ring of positive energy
MPRegen 0.12/turn               M - +4 ring of protection

@: studying Armour
A: horns 2, retaliatory headbutt
a: Renounce Religion, Evoke Invisibility, Berserk, Trog's Hand, Brothers in Arms


You were on level 11 of the Dungeon.
You worshipped Trog.
Trog was extremely pleased with you.
You visited 1 branch of the dungeon, and saw 12 of its levels.
You also visited: Sewer and Bailey.

You collected 627 gold pieces.

Inventory:

Hand Weapons
 a - a +3 broad axe of draining (weapon)
 b - a +3 battleaxe of flaming
 J - a +4 hunting sling of flaming
Missiles
 g - 15 boomerangs (quivered)
 q - a silver boomerang
 t - 25 poisoned darts
 y - 8 throwing nets
 A - 3 curare-tipped darts
 O - 6 atropa-tipped darts
Armour
 c - a +0 pair of gloves (worn)
 e - a +0 plate armour
 p - a scarf of invisibility (worn)
 H - a +0 hat (worn)
 I - a +2 scale mail of willpower
 S - the +6 scale mail of Insatiable Hunger (worn) {Contam Rampage Regen+}
   (You found it on level 8 of the Dungeon)

   Contam:    It causes magical contamination when unequipped.
   Regen:     It increases your rate of health regeneration.
   Rampage:   It bestows one free step when moving towards enemies.
Jewellery
 x - a ring of flight
 z - an amulet of reflection
 C - a ring of positive energy (left hand)
 G - an amulet of the acrobat
 M - a +4 ring of protection (right hand)
 N - an amulet of faith (around neck)
 Q - a ring of see invisible
Wands
 f - a wand of charming (6)
 k - a wand of paralysis (11)
 o - a wand of flame (29)
 w - a wand of iceblast (16)
 P - a wand of digging (5)
Scrolls
 r - 5 scrolls of teleportation
 s - 2 scrolls of silence
 B - 2 scrolls of fear
 F - 2 scrolls of blinking
 T - a scroll of summoning
Potions
 d - 3 potions of attraction
 h - 2 potions of heal wounds
 i - 2 potions of magic {unknown}
 j - 2 potions of lignification
 l - 2 potions of brilliance
 m - 2 potions of flight
 n - 2 potions of mutation {unknown}
 u - a potion of might {unknown}
 v - 4 potions of haste
 D - a potion of resistance
 E - 5 potions of curing
 K - 2 potions of experience {unknown}
 L - a potion of ambrosia {unknown}
 R - a potion of cancellation {unknown}


   Skills:
 - Level 10.0 Fighting
 * Level 15.3 Axes
 + Level 7.2 Throwing
 - Level 8.0 Armour
 + Level 7.8 Dodging
 - Level 4.0 Stealth
 - Level 6.0 Evocations


You had 11 spell levels left.
You didn't know any spells.
Your spell library was empty.

Dungeon Overview and Level Annotations

Branches:
Dungeon (12/15)            Temple (0/1) D:4            Lair (0/6) D:11
    Orc (0/2) D:10          Sewer (visited)          Bailey (visited)

Altars:
Cheibriados
Dithmenos
Elyvilon
Gozag
Hepliaklqana
Qazlal
Ru
Sif Muna
Trog
Zin
Beogh

Shops:
D:10 (


Innate Abilities, Weirdness & Mutations

You have a pair of horns on your head.
You reflexively headbutt those who attack you in melee.


Message History

HP restored.
You climb downwards.
An enormous slime creature splits.
A large slime creature splits.
There is a stone staircase leading up here.
Unknown command.
The basilisk gazes at you. You resist with some effort.
The slime creature closely misses you. The large slime creature hits you!
The slime creature hits you but does no damage.
You climb upwards.
There is a stone staircase leading down here.
Unknown command.
You slice the large slime creature!! You drain the large slime creature.
The large slime creature is moderately wounded.
You barely miss the slime creature. You slash the large slime creature!
You drain the large slime creature.
The large slime creature is heavily wounded.
You slash the slime creature!
Two slime creatures merge to form a large slime creature.
The large slime creature hits you!
You slice the large slime creature!!
You headbutt the large slime creature, but do no damage.
The large slime creature is severely wounded.
You hit the large slime creature but do no damage.
You drain the large slime creature. The large slime creature hits you!!
The large slime creature completely misses you.
Unknown command.
You barely miss the large slime creature.
Your headbutt misses the large slime creature.
You punch the large slime creature.
The large slime creature is severely wounded.
You slash the large slime creature! The large slime creature hits you!
The large slime creature completely misses you.
You hit the large slime creature.
Your headbutt misses the large slime creature.
The large slime creature is severely wounded.
You hit the large slime creature. The large slime creature hits you!
* * * LOW HITPOINT WARNING * * *
The large slime creature hits you!!
You die...

##.....###...........^.........
##....##.........#.........#.#
##..#####.......#.........###
#...#..###.......###.##.###
#..............### ######
#..#..........##
######........# ##.#..JJ##
######@# ###


You could see 2 large slime creatures.

Vanquished Creatures
  Harold (D:8)
  A hydra (D:12)
  Erolcha (D:10)
  5 death yaks (D:11)
  2 two-headed ogres
  An orange crystal statue (D:8)
  An orc sorcerer (Bailey)
  2 manticores (D:12)
  A centaur zombie (D:11)
  A gargoyle (D:11)
  A kobold demonologist (Bailey)
  A troll (D:10)
  Prince Ribbit (D:6)
  2 hornets
  9 yaks
  2 shadows
  2 wraiths (D:11)
  A ynoxinul (D:10)
  5 wyverns
  A water moccasin (D:6)
  A black bear (D:5)
  3 necrophages
  16 orc warriors
  2 sky beasts (D:7)
  3 ogres
  6 centaurs
  3 kobold brigands
  A phantom (D:4)
  Blork the orc (D:6)
  3 bullfrogs
  A gnoll sergeant (D:9)
  2 scorpions
  4 killer bees (D:9)
  3 wights (D:8)
  4 electric eels (Bailey)
  2 hounds
  A centaur skeleton (D:6)
  5 orc priests
  3 gnoll shamans (D:7)
  3 iguanas
  9 orc wizards
  A hound skeleton (D:4)
  A howler monkey zombie (D:9)
  32 gnolls
  A howler monkey skeleton (D:7)
  7 adders
  A white imp (D:6)
  An ufetubus (D:6)
  65 orcs
  8 endoplasms
  4 giant cockroaches
  22 goblins
  16 hobgoblins
  18 jackals
  5 quokkas
  12 ball pythons
  9 bats
  3 frilled lizards
  30 kobolds
  4 rats
  2 toadstools (D:1)
359 creatures vanquished.

Vanquished Creatures (others)
  A fungus (Sewer)
  3 plants (Sewer)
  2 toadstools (D:1)
6 creatures vanquished.

Grand Total: 365 creatures vanquished

Notes
Turn   | Place    | Note
-------+----------+-------------------------------------------
     0 | D:1      | tilp the Minotaur Berserker began the quest for the Orb.
     0 | D:1      | Reached XP level 1. HP: 19/19 MP: 0/0
   162 | D:1      | Reached skill level 4 in Axes
   171 | D:1      | Reached XP level 2. HP: 27/27 MP: 1/1
   227 | D:1      | Found a faded altar of an unknown god.
   700 | D:2      | Reached XP level 3. HP: 26/33 MP: 2/2
   700 | D:2      | Reached ** piety under Trog
   799 | D:2      | Reached skill level 5 in Axes
  1162 | D:2      | Found a stormy altar of Qazlal.
  1861 | D:3      | Reached skill level 6 in Axes
  1861 | D:3      | Reached XP level 4. HP: 40/40 MP: 3/3
  1918 | D:3      | Found a glowing silver altar of Zin.
  2044 | D:3      | Found an opulent altar of Gozag.
  2189 | D:3      | Reached XP level 5. HP: 44/46 MP: 4/4
  2209 | D:3      | Reached skill level 1 in Throwing
  2669 | D:4      | Reached skill level 1 in Stealth
  2860 | D:4      | Found a staircase to the Ecumenical Temple.
  3026 | D:4      | Noticed an ogre
  3032 | D:4      | Killed an ogre
  3033 | D:4      | Reached skill level 7 in Axes
  3033 | D:4      | Reached XP level 6. HP: 30/53 MP: 5/5
  3697 | D:4      | Reached skill level 5 in Fighting
  3748 | D:5      | Entered Level 5 of the Dungeon
  3758 | D:5      | Reached XP level 7. HP: 41/61 MP: 6/6
  3761 | D:5      | Reached skill level 8 in Axes
  3843 | D:5      | Identified the +5 hand axe of Linearity {vorpal, Int+5
                  | Dex+3}
  3948 | D:5      | Found a glowing drain.
  3952 | Sewer    | Entered a sewer
  3995 | Sewer    | Reached *** piety under Trog
  4017 | Sewer    | Reached skill level 9 in Axes
  4388 | D:5      | Reached XP level 8. HP: 66/70 MP: 7/7
  4564 | D:5      | Reached skill level 10 in Axes
  5121 | D:6      | Noticed Prince Ribbit
  5152 | D:6      | Killed Prince Ribbit
  5153 | D:6      | Reached skill level 1 in Evocations
  5567 | D:6      | Noticed Blork the orc
  5571 | D:6      | Killed Blork the orc
  6189 | D:7      | Found a flagged portal.
  6260 | Bailey   | Entered a bailey
  6669 | Bailey   | Reached XP level 9. HP: 68/78 MP: 8/8
  6979 | Bailey   | Reached skill level 11 in Axes
  6991 | Bailey   | Reached **** piety under Trog
  7166 | Bailey   | Noticed an orc sorcerer
  7175 | Bailey   | Killed an orc sorcerer
  7518 | Bailey   | Acquired a +3 broad axe of venom
  7589 | Bailey   | Found an iron altar of Okawaru.
  7589 | Bailey   | Noticed a kobold demonologist
  7604 | Bailey   | Killed a kobold demonologist
  7724 | Bailey   | Acquired a manual of Armour
  7928 | D:7      | Reached skill level 12 in Axes
  8216 | D:7      | Found a white marble altar of Elyvilon.
  8707 | D:7      | Reached XP level 10. HP: 88/88 MP: 9/9
  9089 | D:8      | Noticed Harold
  9102 | D:8      | Killed Harold
  9103 | D:8      | Reached skill level 5 in Armour
  9153 | D:8      | Noticed an orange crystal statue
  9163 | D:8      | Killed an orange crystal statue
  9419 | D:8      | Reached ***** piety under Trog
  9596 | D:8      | Found a shadowy altar of Dithmenos.
  9830 | D:8      | Found a sacrificial altar of Ru.
 10003 | D:9      | Reached skill level 5 in Dodging
 10047 | D:9      | Noticed a two-headed ogre
 10054 | D:9      | Killed a two-headed ogre
 10055 | D:9      | Reached skill level 13 in Axes
 10055 | D:9      | Reached skill level 5 in Throwing
 10181 | D:9      | Reached skill level 5 in Evocations
 10874 | D:9      | Reached XP level 11. HP: 93/97 MP: 10/10
 11058 | D:10     | Entered Level 10 of the Dungeon
 11084 | D:10     | Found a staircase to the Orcish Mines.
 11485 | D:10     | Found a snail-covered altar of Cheibriados.
 11537 | D:10     | Noticed a two-headed ogre
 11538 | D:10     | Found Zoetis's Antique Weapon Emporium.
 11542 | D:10     | Killed a two-headed ogre
 11757 | D:10     | Found a shimmering blue altar of Sif Muna.
 11794 | D:10     | Found a bloodstained altar of Trog.
 12190 | D:10     | Noticed Erolcha
 12200 | D:10     | Killed Erolcha
 12252 | D:10     | Found a hazy altar of Hepliaklqana.
 12358 | D:8      | Identified the +6 scale mail of Insatiable Hunger {Contam
                  | Rampage Regen+}
 12827 | D:11     | Reached skill level 14 in Axes
 12871 | D:11     | Received a gift from Trog
 12997 | D:11     | Noticed a death yak
 12998 | D:11     | Noticed a death yak
 12999 | D:11     | Noticed a death yak
 12999 | D:11     | Noticed a death yak
 12999 | D:11     | Noticed a death yak
 13006 | D:11     | Killed a death yak
 13007 | D:11     | Killed a death yak
 13008 | D:11     | Reached skill level 10 in Fighting
 13011 | D:11     | Killed a death yak
 13014 | D:11     | Killed a death yak
 13015 | D:11     | Found a staircase to the Lair.
 13017 | D:11     | Killed a death yak
 13018 | D:11     | Reached XP level 12. HP: 75/106 MP: 11/11
 13229 | D:11     | Reached skill level 15 in Axes
 13461 | D:12     | Noticed a seven-headed hydra
 13471 | D:12     | Killed a five-headed hydra
 13516 | D:11     | Slain by a large slime creature

Illustrated notes

Levels and vault maps discovered:
D:1:      ldierk_water_garden, layout_rooms, hellmonk_ecumenical_altar_run_dry,
          grunt_decor_one_mirror
D:2:      layout_basic, basic_altar
D:3:      layout_basic, zin_scriptorium, grunt_gozag_breadcrumbs,
          minmay_misc_feat_rugged, minmay_fractal_squares_5
D:4:      layout_loops_ring, temple_doors_e, minmay_goblin_kobold_house
D:5:      layout_basic, gup_sewer_entry_bowl
D:6:      layout_basic, uniq_blork_the_orc, uniq_prince_ribbit1
D:7:      layout_basic, elyvilon_altar_1, lightli_bailey_entry_fortress
D:8:      minmay_statue_hallways, layout_gridville,
          lemuel_coloured_pillars_altar, nicolae_dithmenos_the_darkroom,
          special_room [special_room_orc], nicolae_straight_to_the_point,
          uniq_harold
D:9:      layout_roguey
D:10:     layout_loops_ring, nzn_overflow_gifts_of_might_and_magic,
          nzn_hepliaklqana_mist_gate, mainiacjoe_overflow_alcove_1, orc_0_dummy,
          serial_shops, nicolae_diamond_shop, grunt_ministairs_6, uniq_erolcha
D:11:     layout_cave_pools, dpeg_lair_monsters
D:12:     layout_irregular_city

Skill      XL: |  1  2  3  4  5  6  7  8  9 10 11 12 |
---------------+-------------------------------------+-----
Axes           | 4 6 7 9 10 12 13 14 15 | 15.3
Fighting       | 4 5 6 8 9 10 | 10.0
Throwing       | 1 2 3 4 5 6 7 |  7.2
Stealth        | 1 2 3 4 |  4.0
Armour         | 3 4 7 8 |  8.0
Evocations     | 2 4 5 6 |  6.0
Dodging        | 3 4 5 7 |  7.8

Action                   |  1- 3 |  4- 6 |  7- 9 | 10-12 || total
-------------------------+-------+-------+-------+-------++-------
Melee: Hand axe          |    95 |    92 |   222 |       ||   409
       Headbutt          |    11 |     6 |    42 |    62 ||   121
       Punch             |     2 |     2 |     2 |     2 ||     8
       Broad axe         |       |       |    51 |   282 ||   333
       Battleaxe         |       |       |       |     7 ||     7
Throw: Boomerang         |       |       |     3 |     3 ||     6
       Stone             |       |       |     1 |       ||     1
Invok: Berserk           |       |     3 |    10 |     8 ||    21
       Trog's Hand       |       |       |     1 |     2 ||     3
Evoke: Wand              |       |       |     8 |     2 ||    10
  Use: Scroll            |     5 |     6 |     6 |     7 ||    24
Armor: Plate armour      |    71 |    44 |   115 |    95 ||   325
       Animal skin       |     2 |       |       |       ||     2
       Scale mail        |       |       |       |    77 ||    77
Dodge: Dodged            |    32 |    29 |    82 |   177 ||   320
